 Dungeon Sprint DCSS version 0.31-a0-1074-g0b22e4e0f1 (webtiles) character file.

Game seed: 10589313266068003288

1928 tbh1313 the Bludgeoner (level 9, -1/96 HPs)
             Began as an Ogre Berserker on Nov 28, 2023.
             Was a Priest of Trog.
             Slain by a centaur warrior (11 damage)
             ... in the Dungeon (Sprint I: "Red Sonja").
             The game lasted 00:02:42 (600 turns).

tbh1313 the Bludgeoner (Ogre Berserker)              Turns: 600, Time: 00:02:43

Health: -1/96      AC:  5    Str: 27    XL:     9   Next: 17%
Magic:  9/9        EV: 11    Int:  8    God:    Trog [***...]
Gold:   425        SH:  0    Dex:  8    Spells: 8/8 levels left

rFire   . . .        b - +0 giant spiked club
rCold   . . .        (shield currently unavailable)
rNeg    + . .        k - +2 robe {rN+}
rPois   .            (helmet restricted)
rElec   .            (no cloak)
rCorr   .            (gloves unavailable)
SInv    .            (boots unavailable)
Will    ++...        (no amulet)
Stlth   +            (no ring)
HPRegen 1.36/turn    (no ring)
MPRegen 0.11/turn

%: no teleportation
@: strong-willed, on berserk cooldown, regenerating, slowed, very slow
A: large, unfitting armour, tough skin 1
a: Renounce Religion, Berserk, Trog's Hand


You were in the Dungeon.
You worshipped Trog.
Trog was most pleased with you.
You visited 1 branch You collected 425 gold pieces.

Inventory:

Hand Weapons
 a - a +0 mace
 b - a +0 giant spiked club (weapon)
Armour
 k - a +2 robe of positive energy (worn)
Wands
 i - a wand of flame (16)
Potions
 c - a potion of curing
 d - a potion of heal wounds
 e - a potion of haste
 f - 2 potions of magic
 g - a potion of berserk rage


   Skills:
 - Level 8.0 Fighting
 + Level 16.9 Maces & Flails
 - Level 6.0 Dodging


You had 8 spell levels left.
You didn't know any spells.
Your spell library was empty.

Dungeon Overview and Level Annotations

Branches:
Dungeon (1/1)

Altars:
Cheibriados
Dithmenos
Elyvilon
Fedhas
Gozag
Hepliaklqana
Kikubaaqudgha
Makhleb
Nemelex Xobeh
Okawaru
Qazlal
Ru
Sif Muna
Trog
Uskayaw
Vehumet
Wu Jian
Xom
Yredelemnul
Zin
The Shining One
Jiyva
Lugonu

Shops:
D [


Innate Abilities, Weirdness & Mutations

You are too large for most types of armour.
You have tough skin. (AC +1)


Message History

The centaur warrior kicks you but does no damage.
You bludgeon the centaur warrior!!
The centaur warrior is severely wounded.
The centaur warrior hits you! The centaur warrior closely misses you.
You barely miss the centaur warrior.
The centaur warrior is severely wounded.
The centaur warrior closely misses you. The centaur warrior barely misses you.
You sock the centaur warrior!
The centaur warrior is almost dead.
The centaur warrior hits you! The centaur warrior kicks you.
You puncture the centaur warrior!
You kill the centaur warrior!
Trog accepts your kill.
The centaur warrior wields a +0 shortbow.
The centaur warrior shoots an arrow.
The arrow closely misses you.
Your Maces & Flails skill increases to level 16!
You have reached level 9!
Your experience leads to an increase in your attributes!
Increase (s)trength, (i)ntelligence, or (d)exterity?
You feel stronger. x3
The centaur warrior unwields a +0 shortbow.
The centaur warrior hits you. The centaur warrior kicks you.
Things that are here:
a +0 orcbow; 4 stones You bludgeon the centaur warrior!!
The centaur warrior is heavily wounded.
You are no longer berserk.
You are exhausted.
You feel yourself slow down. The centaur warrior hits you.
* * * LOW HITPOINT WARNING * * *
The centaur warrior kicks you.
* * * LOW HITPOINT WARNING * * *
You sock the centaur warrior!
The centaur warrior is severely wounded.
The centaur warrior hits you!
* * * LOW HITPOINT WARNING * * *
The centaur warrior kicks you.
* * * LOW HITPOINT WARNING * * *
The centaur warrior hits you!
You die...

##########################
#<.#..'..#..'..#__#..')..#
#..)..#..').#..'..'..#)..#
#..#####'#####'#__####...+
#..####..#...#@####!§#####
#..#__####..##c#§~§c§#
#..#_____##'#§§§c~§§§+
#⌠⌠#_.∩...[.§§§#~§~.§#
####_..__##_.#'##+####
#_____###+#.# ####### ###


You could see a centaur warrior.

Levels and vault maps discovered:
D:        dungeon_sprint_1 [red_sonja_temple_1, red_sonja_temple_small_1]

Notes
Turn   | Place    | Note
-------+----------+-------------------------------------------
     0 | D        | tbh1313 the Ogre Berserker began the quest for the Orb.
     0 | D        | Reached XP level 1. HP: 24/24 MP: 1/1
     1 | D        | Noticed Ijyb
     8 | D        | Killed Ijyb
     9 | D        | Reached skill level 5 in Maces & Flails
     9 | D        | Reached XP level 2. HP: 31/32 MP: 2/2
    50 | D        | Noticed an ogre
    54 | D        | Killed an ogre
    55 | D        | Reached skill level 9 in Maces & Flails
    55 | D        | Reached XP level 3. HP: 35/39 MP: 3/3
    55 | D        | Reached XP level 4. HP: 43/48 MP: 4/4
   110 | D        | Noticed Sigmund
   123 | D        | Killed Sigmund
   123 | D        | Reached ** piety under Trog
   124 | D        | Reached skill level 10 in Maces & Flails
   124 | D        | Reached XP level 5. HP: 63/63 MP: 5/5
   124 | D        | Reached XP level 6. HP: 72/72 MP: 6/6
   294 | D        | Found an ornate altar of the Wu Jian Council.
   294 | D        | Found a shimmering blue altar of Sif Muna.
   296 | D        | Found a radiant altar of Vehumet.
   300 | D        | Reached skill level 11 in Maces & Flails
   327 | D        | Found Dukhahun's Armour Emporium.
   327 | D        | Found an ancient bone altar of Kikubaaqudgha.
   327 | D        | Found a hazy altar of Hepliaklqana.
   327 | D        | Found a hide-covered altar of Uskayaw.
   327 | D        | Found a basalt altar of Yredelemnul.
   327 | D        | Found an opulent altar of Gozag.
   327 | D        | Found a snail-covered altar of Cheibriados.
   327 | D        | Found a sacrificial altar of Ru.
   327 | D        | Found a shadowy altar of Dithmenos.
   327 | D        | Noticed a yak
   338 | D        | Killed a yak
   339 | D        | Reached skill level 12 in Maces & Flails
   339 | D        | Reached XP level 7. HP: 47/80 MP: 7/7
   339 | D        | Found a stormy altar of Qazlal.
   339 | D        | Found a blossoming altar of Fedhas.
   339 | D        | Found a bloodstained altar of Trog.
   339 | D        | Found an iron altar of Okawaru.
   339 | D        | Found a glowing golden altar of the Shining One.
   339 | D        | Found a glowing silver altar of Zin.
   339 | D        | Found a white marble altar of Elyvilon.
   340 | D        | Found a sparkling altar of Nemelex Xobeh.
   451 | D        | Found a burning altar of Makhleb.
   451 | D        | Found a viscous altar of Jiyva.
   451 | D        | Found a shimmering altar of Xom.
   451 | D        | Found a corrupted altar of Lugonu.
   451 | D        | Noticed a slime creature
   456 | D        | Killed a slime creature
   457 | D        | Reached skill level 13 in Maces & Flails
   531 | D        | Noticed a kobold demonologist
   531 | D        | Noticed a glass eye
   531 | D        | Noticed a kobold demonologist
   533 | D        | Noticed a red devil
   535 | D        | Killed a glass eye
   537 | D        | Killed a kobold demonologist
   537 | D        | Reached *** piety under Trog
   538 | D        | Reached skill level 14 in Maces & Flails
   538 | D        | Reached XP level 8. HP: 88/88 MP: 8/8
   539 | D        | Killed a kobold demonologist
   540 | D        | Reached skill level 15 in Maces & Flails
   580 | D        | Noticed a centaur warrior
   580 | D        | Noticed a centaur warrior
   597 | D        | Killed a centaur warrior
   598 | D        | Reached skill level 16 in Maces & Flails
   598 | D        | Reached XP level 9. HP: 40/96 MP: 9/9
   600 | D        | Slain by a centaur warrior

Table legend: (Time is in decaauts)
 A = Elapsed time spent in this place.
 B = Non-inter-level travel time spent in this place.
 C = Inter-level travel time spent in this place.
 D = Time resting spent in this place.
 E = Time spent auto-exploring this place.
 F = Levels seen in this place.
 G = Mean time per level.
                   A        B        C        D        E       F      G
               +--------+--------+--------+--------+--------+-----+--------+
         Total |    642 |    642 |      0 |    452 |      1 |   1 |  642.0 |
       Dungeon |    642 |    642 |      0 |    452 |      1 |   1 |  642.0 |
               +--------+--------+--------+--------+--------+-----+--------+

Top non-repeatable levels by time:
       D: 642 daAuts

Table legend:
 A = Kills in this place as a percentage of kills in the entire game.
 B = Kills by you in this place as a percentage of kills by you in the entire game.
 C = Kills by friends in this place as a percentage of kills by friends in the entire game.
 D = Other kills in this place as a percentage of other kills in the entire game.
 E = Experience gained in this place as a percentage of experience gained in the entire game.
 F = Experience gained in this place divided by the number of levels of this place that you have seen.
                   A       B       C       D       E      F
               +-------+-------+-------+-------+-------+----------------------
         Total | 100.0 | 100.0 |   N/A |   N/A | 100.0 | 2755.0
       Dungeon | 100.0 | 100.0 |   N/A |   N/A | 100.0 | 2755.0
               +-------+-------+-------+-------+-------+----------------------

Action                     |  1- 3 |  4- 6 |  7- 9 || total
---------------------------+-------+-------+-------++-------
  Melee: Mace              |     9 |    11 |       ||    20
         Giant spiked club |       |    12 |    22 ||    34
 Invoke: Berserk           |     2 |     1 |     2 ||     5
         Trog's Hand       |       |       |     2 ||     2
    Use: Scroll            |       |       |     1 ||     1
 Armour: Animal skin       |     4 |     3 |       ||     7
         Robe              |       |     7 |    23 ||    30
  Dodge: Dodged            |     1 |     8 |    14 ||    23

Vanquished Creatures
  A centaur warrior (D)
  2 kobold demonologists (D)
  A glass eye (D)
  Sigmund (D)
  A slime creature (D)
  A yak (D)
  An ogre (D)
  A jelly (D)
  Ijyb (D)
10 creatures vanquished.
